AoeStats
← GreatPerson25

Oasis

509294488Analyzed
4v4 RM · 5d ago on Sep 26, 2026· 29m 45s· 8 players
Game mode
Random Map
Map size
Large (8 player)
Population
200
Speed
Normal
Resources
Standard
Victory
Conquest
Starting age
Dark Age
Ending age
Imperial Age
RankedLock teamsTeams togetherTeam positionsShared explorationLock speedFull tech treeHidden civsTurbo modeCheats
Victory
Defeat
🇺🇸 Saracens · United States
1433
+7
🇺🇸 Khitans · United States
1397
+9
🇺🇸 Ethiopians · United States
1125
+19
🇺🇸 Persians · United States
1088
+20
🇸🇪 Danes · Sweden
1220
-14
🇨🇴 Magyars · Colombia
1216
-14
1210
-14
🇻🇳 Franks · Vietnam
1190
-13
classicdao066
7:00 Loom
10:05 Feudal Age
10:34 Double-Bit Axe
11:58 Horse Collar
21:40 Castle Age
20:03 Scale Barding Armor
19:52 Gold Mining
23:01 Chain Barding Armor
23:14 Bloodlines
23:37 Husbandry
Redlocke
9:12 Loom
11:05 Feudal Age
11:56 Double-Bit Axe
16:15 Castle Age
15:22 Horse Collar
18:00 Bow Saw
18:26 Fletching
24:09 Scale Mail Armor
24:13 Squires
24:04 Arson
Vĩnh Nguyễn HCMCity
10:17 Feudal Age
20:06 Double-Bit Axe
26:30 Castle Age
Thiếu Tá Võ Nguyên GIáp
0:37 Loom
11:28 Feudal Age
13:00 Wheelbarrow
12:12 Double-Bit Axe
15:15 Horse Collar
18:00 Fletching
19:16 Padded Archer Armor
20:40 Forging
21:42 Scale Mail Armor
24:00 Champi Runner
30:57 Castle Age
Dr. Pipe
10:29 Feudal Age
15:31 Castle Age
14:06 Double-Bit Axe
15:17 Domestication
16:45 Pastoralism
19:55 Forging
20:29 Loom
22:00 Iron Casting
21:57 Husbandry
23:04 Bow Saw
23:34 Scale Barding Armor
24:56 Chain Barding Armor
26:15 Wheelbarrow
29:02 Hand Cart
29:09 Hand Cart
GreatPerson25
5:49 Loom
8:54 Feudal Age
10:16 Double-Bit Axe
14:27 Fletching
18:24 Horse Collar
28:21 Castle Age
28:58 Bodkin Arrow
28:23 Crossbowman
29:32 Padded Archer Armor
Lando_Nico
4:47 Loom
7:06 Loom
9:41 Feudal Age
15:58 Double-Bit Axe
16:46 Fletching
20:45 Horse Collar
22:27 Wheelbarrow
25:17 Castle Age
25:47 Padded Archer Armor
25:19 Crossbowman
26:06 Thumb Ring
26:03 Bodkin Arrow
29:01 Ballistics
28:43 Gold Mining
Jonyboi
9:38 Feudal Age
11:02 Loom
11:56 Bloodlines
11:53 Double-Bit Axe
14:09 Horse Collar
22:36 Forging
22:31 Scale Barding Armor
26:13 Castle Age
24:02 Town Watch
26:46 Husbandry
29:10 Gold Mining
Connection lost

Rejoining the realm…

Still unreachable

The connection could not be restored.

Session expired

The server has moved on; the page needs a fresh start.